 Dungeon Crawl Stone Soup version 0.29-a0-887-gcbe080d7e0 (webtiles) character file.

Game seed: 18419810611831644751

2555 iguanaiguana the Cleaver (level 9, -13/81 HPs)
             Began as a Minotaur Fighter on July 22, 2022.
             Mangled by an ogre
             ... wielding a +0 giant club
              (47 damage)
             ... on level 7 of the Dungeon.
             The game lasted 00:05:07 (7761 turns).

iguanaiguana the Cleaver (Minotaur Fighter)         Turns: 7761, Time: 00:05:07

Health: -13/81     AC: 12    Str: 26    XL:     9   Next: 31%
Magic:  8/8        EV:  9    Int:  5    God:
Gold:   329        SH:  5    Dex:  9    Spells: 8/8 levels left

rFire   . . .      SeeInvis .   a - +0 war axe
rCold   . . .      Faith    .   c - +0 buckler
rNeg    . . .      Spirit   .   b - +0 scale mail
rPois   .          Reflect  .   (helmet restricted)
rElec   .          Harm     .   n - +2 cloak
rCorr   .          Rampage  .   (no gloves)
Will    .....                   g - +0 pair of boots
Stlth   ..........              (no amulet)
HPRegen 0.23/turn               (no ring)
MPRegen 0.11/turn               (no ring)

@: mighty, slowed, very slow
A: horns 2, retaliatory headbutt
a: no special abilities


You were on level 7 of the Dungeon.
You visited 1 branch of the dungeon, and saw 7 of its levels.
You also visited: Ossuary.

You collected 439 gold pieces.
You spent 110 gold pieces at shops.

Inventory:

Hand Weapons
 a - a +0 war axe (weapon)
Missiles
 m - 9 poisoned darts (quivered)
 v - 5 javelins
 K - a boomerang
Armour
 b - a +0 scale mail (worn)
 c - a +0 buckler (worn)
 g - a +0 pair of boots (worn)
 n - a +2 cloak (worn)
Jewellery
 u - an amulet of faith
Wands
 k - a wand of iceblast (2) {@v2}
 H - a wand of acid (6) {@v1}
Scrolls
 f - a scroll of magic mapping {@r5}
 i - 2 scrolls of teleportation {@r3}
 l - 3 scrolls of amnesia
 q - 3 scrolls of fear
 r - a scroll of immolation
 t - a scroll of acquirement {unknown}
 w - 2 scrolls of poison {unknown}
 x - 7 scrolls of identify {@r1}
 y - a scroll of blinking {unknown}
 A - a scroll of fog {unknown}
 D - a scroll of torment {unknown}
 E - a scroll of enchant armour {unknown}
 F - a scroll of brand weapon {unknown}
 I - a scroll of noise {unknown}
Potions
 d - 2 potions of might {@q3}
 e - a potion of resistance {unknown}
 h - 2 potions of cancellation
 j - a potion of degeneration
 o - 2 potions of heal wounds {@q2}
 p - 3 potions of brilliance
 s - 2 potions of invisibility {unknown}
 z - 3 potions of mutation {unknown}
 B - 2 potions of haste {unknown}
 C - a potion of flight {unknown}
 G - a potion of berserk rage {unknown}
 J - a potion of attraction {unknown}


   Skills:
 + Level 8.1 Fighting
 * Level 9.0 Axes
 + Level 8.0 Armour
 - Level 8.0 Shields


You had 8 spell levels left.
You didn't know any spells.
Your spell library was empty.

Dungeon Overview and Level Annotations

Branches:
Dungeon (7/15)             Temple (0/1) D:4         Ossuary (visited)

Altars:
Ashenzari
Makhleb
Qazlal
Trog
Wu Jian

Shops:
D:2 *

Annotations:
D:7 SneepSnoop's ghost, novice MiBe


Innate Abilities, Weirdness & Mutations

You have a pair of horns on your head.
You reflexively headbutt those who attack you in melee.


Message History

i - 2 scrolls of teleportation {@r3} (gained 1)
Found 7 stones.
No target in view!
No target in view!
No target in view!
No target in view!
No target in view!
No target in view!
Found a bloodstained altar of Trog.
Found 16 gold pieces.
There is a transporter here.
You enter the transporter and appear at another place.
A gnoll sergeant comes into view. It is wielding a +0 spear.
The gnoll sergeant shouts!
You hear a shout!
You block the gnoll sergeant's attack.
SneepSnoop's ghost (novice Minotaur Berserker) comes into view.
It is wielding a weapon of flaming.
You hear a shout!
You closely miss the gnoll sergeant. You headbutt the gnoll sergeant.
The gnoll sergeant is moderately wounded.
The gnoll sergeant hits you but does no damage.
You closely miss the gnoll sergeant.
The gnoll sergeant is moderately wounded.
The gnoll sergeant hits you with a +0 spear.
You closely miss the gnoll sergeant.
You headbutt the gnoll sergeant, but do no damage.
The gnoll sergeant is moderately wounded.
You barely miss SneepSnoop's ghost. You block the gnoll sergeant's attack.
An ogre comes into view. It is wielding a +0 giant club.
SneepSnoop's ghost hits you but does no damage.
The gnoll sergeant hits you with a +0 spear.
A kobold comes into view.
It is wielding a +0 vorpal whip and quivering curare-tipped darts.
SneepSnoop's ghost hits you. SneepSnoop's ghost burns you.
You slash the gnoll sergeant!
The gnoll sergeant is severely wounded.
You hit SneepSnoop's ghost.
The gnoll sergeant hits you but does no damage.
SneepSnoop's ghost hits you! SneepSnoop's ghost burns you.
You slash the gnoll sergeant!
You kill the gnoll sergeant!
You barely miss SneepSnoop's ghost.
The kobold throws a curare-tipped dart.
The curare-tipped dart hits you.
You are poisoned.
You have difficulty breathing.
You feel yourself slow down.
SneepSnoop's ghost hits you but does no damage.
You closely miss SneepSnoop's ghost. You headbutt SneepSnoop's ghost.
SneepSnoop's ghost is lightly damaged.
You feel very sick. SneepSnoop's ghost barely misses you.
An orc warrior comes into view. It is wielding a +0 glaive.
You are too injured to fight recklessly!
You are too injured to fight recklessly!
You are too injured to fight recklessly!
You are too injured to fight recklessly!
You are too injured to fight recklessly!
You are too injured to fight recklessly!
You are too injured to fight recklessly!
You are too injured to fight recklessly!
You are too injured to fight recklessly!
As you read the scroll of fear, it crumbles to dust.
You assume a fearsome visage.
SneepSnoop's ghost is unaffected.
The ogre resists with some effort.
The kobold looks frightened!
The orc warrior looks frightened!
You feel very sick.
SneepSnoop's ghost hits you but does no damage.
You block the ogre's attack.
The orc warrior begs, "Please don't kill me!"
SneepSnoop's ghost barely misses you.
Okay, then.
You feel very mighty all of a sudden.
You feel sick. The ogre hits you with a +0 giant club!
SneepSnoop's ghost hits you!
* * * LOW HITPOINT WARNING * * *
SneepSnoop's ghost burns you.
* * * LOW HITPOINT WARNING * * *
You feel much better.
You feel sick. SneepSnoop's ghost barely misses you.
The ogre hits you with a +0 giant club!
The orc warrior pleads, "Please don't kill me!"
The kobold prays for help.
SneepSnoop's ghost closely misses you.
You feel much better.
You feel sick.
The ogre hits you with a +0 giant club!!
You block SneepSnoop's ghost's attack.
A moth of wrath comes into view.
The moth of wrath's fur bristles in rage as it notices you.
You feel much better.
You feel sick.
You are no longer poisoned.
SneepSnoop's ghost barely misses you.
The ogre hits you with a +0 giant club!!
Cornered, the orc warrior turns to fight!
SneepSnoop's ghost yells, "Who would have thought, even in death it is a pleasure to sever!"
SneepSnoop's ghost hits you but does no damage.
Okay, then.
Okay, then.
You block the ogre's attack.
The moth of wrath goads the ogre on!
The ogre goes berserk!
SneepSnoop's ghost hits you but does no damage.
The ogre closely misses you. You furiously retaliate!
You headbutt the ogre!
The ogre hits you with a +0 giant club!!!
Ouch! That really hurt!
You die...

>.# ....# ..# ....###
..# ...... [.# .......
..# ... #### ..####..
.K.## ...##..# #
#.o.## # ...##..# .#
#....# .##
...##.##..#≈#..y@##..#
.<....#...#$....OW#..#
..#..©#....=_..#.©#©.#
...#..#..##(..§#..#..#
...##.##.#≈#.# ####..#
..##...### #. .## ...
...# # .# ........ #
.. #.....


You could see a moth of wrath, an orc warrior, an ogre (berserk), SneepSnoop's
ghost and a kobold.

Vanquished Creatures
  2 wraiths (Ossuary)
  Eustachio (D:6)
  3 water moccasins
  A black bear (D:7)
  2 ogres (D:5)
  2 centaurs (D:6)
  5 scorpions
  A gnoll sergeant (D:7)
  4 wights (Ossuary)
  An orc priest (D:6)
  2 hounds
  3 jellies
  A gnoll bouda (D:6)
  3 iron imps (D:3)
  3 iguanas
  4 orc wizards (D:6)
  12 gnolls
  10 adders
  2 shadow imps
  A white imp (D:3)
  2 ufetubi
  2 adder zombies (Ossuary)
  2 worms
  4 dart slugs
  15 orcs
  8 endoplasms
  4 giant cockroaches
  9 goblins
  11 hobgoblins
  A jackal (D:2)
  A quokka (D:4)
  8 ball pythons
  10 bats
  4 frilled lizards
  A hobgoblin skeleton (Ossuary)
  10 kobolds
  A kobold zombie (Ossuary)
  An orc skeleton (Ossuary)
  2 orc zombies (Ossuary)
  10 rats
169 creatures vanquished.

Vanquished Creatures (others)
  2 demonic plants (D:1)
  3 fungi (D:1)
  2 plants (D:5)
  2 withered plants (D:1)
9 creatures vanquished.

Grand Total: 178 creatures vanquished

Notes
Turn   | Place    | Note
-------+----------+-------------------------------------------
     0 | D:1      | iguanaiguana the Minotaur Fighter began the quest for the
                  | Orb.
     0 | D:1      | Reached XP level 1. HP: 19/19 MP: 0/0
    52 | D:1      | Reached XP level 2. HP: 15/27 MP: 1/1
    69 | D:1      | Found a faded altar of an unknown god.
   486 | D:1      | Reached skill level 3 in Axes
   501 | D:1      | Reached XP level 3. HP: 33/33 MP: 2/2
  1154 | D:2      | Reached XP level 4. HP: 33/41 MP: 3/3
  1281 | D:2      | Found Uredih's Assorted Antiques.
  1308 | D:2      | Bought a scroll labelled EMOEMA GOORENN for 29 gold pieces
  1308 | D:2      | Bought a green potion for 26 gold pieces
  1308 | D:2      | Bought a coppery potion for 26 gold pieces
  1308 | D:2      | Bought a scroll labelled GINLOPR NEYCK for 29 gold pieces
  2050 | D:3      | Reached XP level 5. HP: 39/47 MP: 4/4
  2377 | D:3      | Found a burning altar of Makhleb.
  2396 | D:3      | Reached skill level 4 in Axes
  2397 | D:3      | Reached skill level 5 in Fighting
  2397 | D:3      | Reached skill level 5 in Armour
  2397 | D:3      | Reached skill level 5 in Shields
  2611 | D:3      | Noticed a phantom
  2779 | D:4      | Reached XP level 6. HP: 56/56 MP: 5/5
  2968 | D:4      | Found a staircase to the Ecumenical Temple.
  3236 | D:4      | Identified the +2 plate armour of the Wilderness {rPois}
  3511 | D:5      | Entered Level 5 of the Dungeon
  3859 | D:5      | Reached skill level 5 in Axes
  3864 | D:5      | Reached XP level 7. HP: 48/62 MP: 6/6
  4954 | D:6      | Reached skill level 6 in Axes
  4954 | D:6      | Reached XP level 8. HP: 55/71 MP: 7/7
  4991 | D:6      | Found a sand-covered staircase.
  4999 | Ossuary  | Entered an ossuary
  5298 | Ossuary  | Noticed a flying skull
  5316 | Ossuary  | Noticed a flying skull
  5333 | Ossuary  | Noticed a flying skull
  5441 | Ossuary  | Noticed a flying skull
  5689 | Ossuary  | Reached skill level 7 in Axes
  6568 | D:6      | Reached skill level 8 in Axes
  6764 | D:6      | Reached XP level 9. HP: 48/80 MP: 8/8
  7006 | D:6      | Noticed Eustachio
  7019 | D:6      | Killed Eustachio
  7450 | D:7      | Found a stormy altar of Qazlal.
  7460 | D:7      | Found an ornate altar of the Wu Jian Council.
  7462 | D:7      | Found a broken altar of Ashenzari.
  7510 | D:7      | Found a transporter.
  7651 | D:7      | Reached skill level 9 in Axes
  7746 | D:7      | Found a bloodstained altar of Trog.
  7748 | D:7      | Noticed SneepSnoop's ghost (novice MiBe)
  7758 | D:7      | Noticed a moth of wrath
  7761 | D:7      | Mangled by an ogre

Illustrated notes

Levels and vault maps discovered:
D:1:      shiori_arrival_oz, layout_basic, shapermc_ecumenical_altar_gd,
          minmay_misc_feat_room
D:2:      minmay_thinvault, layout_loops_corners, serial_shops, shop
D:3:      layout_rooms, demons_altar, hex_tiny, lightli_corner_chamber
D:4:      dreamdust_elfheim, layout_basic, minmay_temple_entry_nine_rooms
D:5:      layout_rooms, serial_bayou_pond_c
D:6:      layout_loops_corners, nicolae_ossuary_entry_monument, uniq_eustachio
D:7:      layout_gridville, lemuel_doored_altar, grunt_temple_overflow_open,
          gammafunk_ghost_wrathful_warriors

Skill      XL: |  1  2  3  4  5  6  7  8  9 |
---------------+----------------------------+-----
Fighting       | 4 5 6 7 8 |  8.1
Shields        | 4 5 6 7 8 |  8.0
Armour         | 4 5 6 7 8 |  8.0
Axes           | 3 4 5 6 8 9 |  9.0

Action                   |  1- 3 |  4- 6 |  7- 9 || total
-------------------------+-------+-------+-------++-------
Melee: War axe           |    79 |   137 |   231 ||   447
       Headbutt          |     9 |    24 |    44 ||    77
Throw: Dart              |       |       |     7 ||     7
  Use: Scroll            |       |    10 |     2 ||    12
       Potion            |       |       |     6 ||     6
Armor: Scale mail        |    41 |    64 |   119 ||   224
Dodge: Dodged            |    39 |    67 |   104 ||   210
Block: Buckler           |    12 |    36 |    57 ||   105

Table legend: (Time is in decaauts)
 A = Elapsed time spent in this place.
 B = Non-inter-level travel time spent in this place.
 C = Inter-level travel time spent in this place.
 D = Time resting spent in this place.
 E = Time spent auto-exploring this place.
 F = Levels seen in this place.
 G = Mean time per level.
                   A        B        C        D        E       F      G
               +--------+--------+--------+--------+--------+-----+--------+
         Total |   7889 |   7629 |    260 |    896 |   5622 |   8 |  986.1 |
       Dungeon |   7007 |   6747 |    260 |    531 |   5243 |   7 | 1001.0 |
       Ossuary |    882 |    882 |      0 |    365 |    379 |   1 |  882.0 |
               +--------+--------+--------+--------+--------+-----+--------+

Top non-repeatable levels by time:
     D:6: 1762 daAuts
     D:5: 1300 daAuts
     D:2: 1209 daAuts
 Ossuary: 882 daAuts
     D:1: 868 daAuts
     D:4: 846 daAuts
     D:3: 656 daAuts
     D:7: 363 daAuts
